 Dungeon Crawl Stone Soup version 0.31.0-9-g3a7656b989 (webtiles) character file.

Game seed: 2888762364853643464

506 qw the Shooter (level 6, -2/32 HPs)
             Began as a Spriggan Hunter on Feb 2, 2024.
             Was an Initiate of Okawaru.
             Slain by Pikel
             ... wielding a +0 whip of flaming
              (7 damage)
             ... on level 5 of the Dungeon.
             The game lasted 00:00:14 (3614 turns).

qw the Shooter (Spriggan Hunter)                    Turns: 3614, Time: 00:00:14

Health: -2/32      AC:  3    Str:  7    XL:     6   Next: 97%
Magic:  7/7        EV: 21    Int: 10    God:    Okawaru [......]
Gold:   215        SH:  0    Dex: 21    Spells: 5/5 levels left

rFire   . . .        a - +4 shortbow
rCold   . . .        (shield currently unavailable)
rNeg    . . .        c - +0 robe
rPois   .            (helmet restricted)
rElec   .            e - +0 cloak
rCorr   .            (gloves unavailable)
SInv    +            (boots unavailable)
Will    +....        (no amulet)
Stlth   ++           (no ring)
HPRegen 0.25/turn    (no ring)
MPRegen 0.10/turn

%: no passive effects
@: very quick
A: very small, no large weapons, unfitting armour, see invisible, speed 3
a: Renounce Religion


You were on level 5 of the Dungeon.
You worshipped Okawaru.
Okawaru was noncommittal.
You visited 2 branches of the dungeon, and saw 6 of its levels.

You collected 215 gold pieces.


Innate Abilities, Weirdness & Mutations

You are very small and have problems with some larger weapons.
You are too small for most types of armour.
You have supernaturally acute eyesight. (SInv)
You cover ground extremely quickly. (Speed+++)


   Skills:
 - Level 2.9 Fighting
 + Level 6.6 Ranged Weapons
 - Level 6.1 Dodging
 - Level 1.5 Stealth


You had 5 spell levels left.
You didn't know any spells.
Your spell library was empty.

Inventory:

Hand Weapons
 a - a +4 shortbow (weapon)
Armour
 c - a +0 robe (worn)
 e - a +0 cloak (worn)
Potions
 b - a potion of might {unknown}
 d - 6 potions of curing
 f - a potion of berserk rage {unknown}
 g - a potion of magic {unknown}
 h - a potion of heal wounds {unknown}

Dungeon Overview and Level Annotations

Branches:
Dungeon (5/15)             Temple (1/1) D:4

Altars:
Ashenzari
Dithmenos
Elyvilon
Fedhas
Gozag
Hepliaklqana
Kikubaaqudgha
Makhleb
Nemelex Xobeh
Okawaru
Qazlal
Ru
Sif Muna
Trog
Vehumet
Wu Jian
Xom
Yredelemnul
Zin
The Shining One

Shops:
D:3 [

Annotations:
D:5 Pikel


Message History

Pikel barely misses you.
You shoot an arrow. The arrow hits Pikel.
Pikel is severely wounded.
Pikel misses you.
You shoot an arrow. The arrow completely misses Pikel.
The arrow hits the scorpion.
The scorpion is almost dead.
Pikel completely misses you.
You shoot an arrow. The arrow closely misses Pikel.
The arrow hits the scorpion but does no damage.
The scorpion is almost dead.
Pikel closely misses you.
You shoot an arrow. The arrow misses Pikel.
The arrow hits the scorpion.
You kill the scorpion!
Okawaru accepts your kill. Pikel misses you.
Pikel hits you with a +0 whip of flaming.
Pikel burns you.
You shoot an arrow. The arrow hits Pikel.
Pikel is severely wounded.
Pikel hits you with a +0 whip of flaming.
Pikel burns you.
You shoot an arrow. The arrow hits Pikel.
Pikel is severely wounded.
Pikel hits you with a +0 whip of flaming.
Pikel burns you.
3612 ||| RETREEEEATING.
You shoot an arrow.
The arrow hits the lemure but does no damage.
Pikel misses you. The lemure completely misses you.
3613 ||| RETREEEEATING.
You shoot an arrow. The arrow hits the lemure!
The lemure is moderately wounded.
Pikel says, "Don't tell anyone, but I think Ereshkigal likes me."
Pikel hits you with a +0 whip of flaming.
Pikel burns you. The lemure completely misses you.
3614 ||| RETREEEEATING.
You shoot an arrow.
The arrow hits the lemure but does no damage.
The lemure is moderately wounded.
Pikel hits you with a +0 whip of flaming!
You die...
Pikel says, "Another soul for the market."

###~# #.#~ #######.#
#.5.....#
#..#s...####### #.
#.....#....# #
#.....5.##.####
##...#K###.##.. ##.##@#
#.##.# #..5.# #.##.#
#### ###..# #.##.# #...
#..# #.##.# ##.#.
#..###.##.#####¤.¤#
####.......>....#¤#.#¤
....<.......##.##.¤¤¤_¤¤
###.##.#...###>####¤#.#¤
# ##....# ### ##.¤.#


You could see Pikel and 2 lemures.

Vanquished Creatures
  2 ogres (D:4)
  A scorpion (D:5)
  A jelly (D:4)
  2 iguanas (D:4)
  An orc wizard (D:4)
  4 gnolls (D:4)
  4 adders
  A white imp (D:5)
  3 dart slugs
  5 orcs
  7 endoplasms
  3 giant cockroaches
  5 goblins
  6 hobgoblins
  7 jackals
  6 kobolds
  A quokka (D:3)
  7 ball pythons
  5 bats
  5 frilled lizards
  3 rats
79 creatures vanquished.

Notes
Turn   | Place    | Note
-------+----------+-------------------------------------------
     0 | D:1      | qw the Spriggan Hunter began the quest for the Orb.
     0 | D:1      | Reached XP level 1. HP: 10/10 MP: 2/2
     0 | D:1      | 0 ||| qw: Version: 0.3-a-155-g5e7d8dd
     0 | D:1      | 0 ||| qw: Game counter: 1600
     0 | D:1      | 0 ||| qw: Melee chars always use a shield: true
     0 | D:1      | 0 ||| qw: God list: Okawaru
     0 | D:1      | 0 ||| qw: Allow faded altars: false
     0 | D:1      | 0 ||| qw: Do Orc after clearing Dungeon:15 true
     0 | D:1      | 0 ||| qw: Do second Lair branch before Depths: true
     0 | D:1      | 0 ||| qw: Lair rune preference: random
     0 | D:1      | 0 ||| qw: Goals: Normal
     0 | D:1      | 0 ||| PLANNING D:1-11
    80 | D:1      | Reached skill level 3 in Dodging
   266 | D:1      | Reached XP level 2. HP: 14/14 MP: 3/3
   954 | D:1      | 954 ||| UPGRADING to +0 cloak.
   959 | D:1      | 959 ||| READING scroll labelled PIPSOU SASK.
   959 | D:1      | 959 ||| IDENTIFYING pink potion
   960 | D:1      | 960 ||| DROPPING scroll of butterflies.
  1036 | D:2      | Reached XP level 3. HP: 16/18 MP: 4/4
  1430 | D:2      | 1430 ||| READING scroll of identify.
  1430 | D:2      | 1430 ||| IDENTIFYING green potion
  1431 | D:2      | 1431 ||| READING 4 scrolls labelled IBIUROTH FIEZ.
  1431 | D:2      | 1431 ||| ENCHANTING +0 shortbow.
  1432 | D:2      | 1432 ||| READING 3 scrolls of enchant weapon.
  1432 | D:2      | 1432 ||| ENCHANTING +1 shortbow.
  1433 | D:2      | 1433 ||| READING 2 scrolls of enchant weapon.
  1433 | D:2      | 1433 ||| ENCHANTING +2 shortbow.
  1434 | D:2      | 1434 ||| READING scroll of enchant weapon.
  1434 | D:2      | 1434 ||| ENCHANTING +3 shortbow.
  1435 | D:2      | 1435 ||| READING scroll labelled REYLAGR ENLUKH.
  1536 | D:2      | 1536 ||| DRINKING 2 white potions.
  1537 | D:2      | 1537 ||| DROPPING potion of attraction.
  1647 | D:3      | Found Owneq's Antique Armour Boutique.
  2284 | D:3      | 2284 ||| DROPPING amulet of magic regeneration.
  2285 | D:3      | 2285 ||| READING scroll labelled HYGGUTR HUONOFF.
  2286 | D:3      | 2286 ||| READING scroll labelled YXULYI LUTE.
  2287 | D:3      | 2287 ||| READING scroll labelled YVVOGU VUVE.
  2307 | D:4      | 2307 ||| PLANNING SEWER
  2311 | D:4      | Reached XP level 4. HP: 22/22 MP: 5/5
  2389 | D:4      | Noticed an ogre
  2390 | D:4      | 2390 ||| DRINKING potion of haste.
  2390 | D:4      | HP: 2/22 [ogre/+0 giant club (20)]
  2396 | D:4      | Killed an ogre
  2397 | D:4      | Reached XP level 5. HP: 4/28 MP: 6/6
  2531 | D:4      | Noticed an ogre
  2535 | D:4      | Killed an ogre
  2536 | D:4      | Reached XP level 6. HP: 32/32 MP: 7/7
  2553 | D:4      | Reached skill level 6 in Ranged Weapons
  2657 | D:4      | Found a staircase to the Ecumenical Temple.
  2711 | D:4      | 2711 ||| FLEEEEING.
  2712 | D:4      | 2712 ||| FLEEEEING.
  2714 | D:4      | 2714 ||| FLEEEEING.
  2715 | D:4      | 2715 ||| FLEEEEING.
  2717 | D:4      | 2717 ||| STAIRDANCE
  2729 | D:3      | 2729 ||| READING scroll labelled MICADAS SOPEQ.
  2730 | D:3      | 2730 ||| DRINKING 2 glowing cyan potions.
  2746 | D:3      | 2746 ||| DROPPING potion of lignification.
  2838 | D:4      | Found an ancient bone altar of Kikubaaqudgha.
  3018 | D:4      | 3018 ||| FLEEEEING.
  3025 | D:4      | Reached skill level 6 in Dodging
  3130 | D:4      | 3130 ||| RIP SEWER
  3131 | D:4      | 3131 ||| PLANNING TEMPLE
  3132 | D:4      | 3132 ||| READING scroll labelled ZUTHRY KOORAE.
  3134 | D:4      | 3134 ||| Stepping ~*~*~tactically~*~*~ (cloud).
  3143 | D:4      | HP: 8/32 [poisoned by you (poison gas)]
  3265 | Temple   | Entered the Ecumenical Temple
  3266 | Temple   | 3266 ||| PLANNING OKAWARU WORSHIP
  3272 | Temple   | Became a worshipper of Warmaster Okawaru
  3273 | Temple   | 3273 ||| PLANNING D:1-11
  3452 | D:5      | Entered Level 5 of the Dungeon
  3536 | D:5      | Found a shadowy altar of Dithmenos.
  3581 | D:5      | Noticed Pikel
  3584 | D:5      | 3584 ||| RETREEEEATING.
  3585 | D:5      | 3585 ||| RETREEEEATING.
  3586 | D:5      | 3586 ||| RETREEEEATING.
  3587 | D:5      | 3587 ||| RETREEEEATING.
  3588 | D:5      | 3588 ||| RETREEEEATING.
  3589 | D:5      | 3589 ||| RETREEEEATING.
  3591 | D:5      | 3591 ||| RETREEEEATING.
  3612 | D:5      | 3612 ||| RETREEEEATING.
  3613 | D:5      | 3613 ||| RETREEEEATING.
  3613 | D:5      | HP: 7/32 [Pikel/+0 whip of flaming (5)]
  3614 | D:5      | 3614 ||| RETREEEEATING.
  3614 | D:5      | Slain by Pikel

Levels and vault maps discovered:
D:1:      dpeg_arrival_arbitrary_a, layout_loops_corners
D:2:      layout_rooms
D:3:      layout_loops_corners, serial_shops, shop, dk_noncrumbling_4
D:4:      layout_basic, mainiacjoe_overflow_boulevard,
          minmay_temple_entry_antechambers, portal_sewer_entry_d
D:5:      layout_loops_ring, grunt_dithmenos_smoke_and_mirrors,
          eat_drink_and_be_merry_uskayaw, marbit_many_paths, serial_aquarium,
          aquarium_bridge_island_small [aquarium_subvault_small_water,
          aquarium_subvault_bridge, aquarium_subvault_bridge,
          aquarium_subvault_bridge, aquarium_subvault_wall],
          aquarium_window_fake, aquarium_window_fake, aquarium_window_fake,
          aquarium_view_2c, aquarium_pool_2, uniq_pikel,
          uniq_crazy_yiuf_cottage, uniq_ijyb
Temple:   nicolae_temple_no_exploring_needed

Skill      XL: |  1  2  3  4  5  6 |
---------------+-------------------+-----
Dodging        | 3 4 5 6 |  6.1
Ranged Weapons | 5 6 |  6.6
Fighting       | 2 |  2.9
Stealth        | |  1.5

Action                     |  1- 3 |  4- 6 || total
---------------------------+-------+-------++-------
   Fire: Shortbow          |   128 |   132 ||   260
    Use: Scroll            |    10 |     2 ||    12
         Potion            |     1 |     2 ||     3
 Armour: Robe              |    18 |    15 ||    33
  Dodge: Dodged            |    57 |    51 ||   108

Table legend:
 A = Non-vault XP
 B = Vault XP
 C = Vault XP percentage of total XP
 D = Non-vault monster count
 E = Vault monster count
 F = Vault count percentage of total count
                 A         B        C        D         E       F
            +---------+---------+-------+---------+---------+-------
      Total |     709 |      14 |   1.9 |      78 |       1 |   1.3
            +---------+---------+-------+---------+---------+-------
        D:1 |      36 |       0 |   0.0 |      22 |       0 |   0.0
        D:2 |      36 |       0 |   0.0 |       8 |       0 |   0.0
        D:3 |      23 |       0 |   0.0 |      15 |       0 |   0.0
        D:4 |     512 |      14 |   2.7 |      30 |       1 |   3.2
        D:5 |     102 |       0 |   0.0 |       3 |       0 |   0.0
            +---------+---------+-------+---------+---------+-------
